 Dungeon Crawl Stone Soup version 0.31-a0-192-ga50d7bf3bb (webtiles) character file.

Game seed: 11304623315415230982

49 qw the Shooter (level 3, -2/20 HPs)
             Began as a Deep Elf Hunter on June 23, 2023.
             Slain by Terence
             ... wielding a +0 flail
              (6 damage)
             ... on level 2 of the Dungeon.
             The game lasted 00:00:29 (855 turns).

qw the Shooter (Deep Elf Hunter)                     Turns: 855, Time: 00:00:30

Health: -2/20      AC:  5    Str: 16    XL:     3   Next: 53%
Magic:  5/5        EV: 11    Int: 13    God:
Gold:   78         SH:  0    Dex: 18    Spells: 2/2 levels left

rFire   . . .        Y - +0 shortbow
rCold   . . .        (shield currently unavailable)
rNeg    . . .        i - +0 ring mail
rPois   .            (no helmet)
rElec   .            (no cloak)
rCorr   .            (no gloves)
SInv    .            (no boots)
Will    .....        (no amulet)
Stlth   +            d - +6 ring of strength
HPRegen 0.23/turn    (no ring)
MPRegen 0.09/turn

%: no passive effects
@: about to teleport
A: no striking features
a: no special abilities


You were on level 2 of the Dungeon.
You visited 1 branch of the dungeon, and saw 2 of its levels.

You collected 78 gold pieces.


   Skills:
 - Level 1.5 Fighting
 + Level 7.1 Ranged Weapons
 - Level 2.4 Dodging
 - Level 1.2 Stealth


You had 2 spell levels left.
You didn't know any spells.
Your spell library was empty.

Inventory:

Hand Weapons
 Y - a +0 shortbow (weapon)
Armour
 i - a +0 ring mail (worn)
Jewellery
 d - a +6 ring of strength (left hand)
Scrolls
 b - a scroll of teleportation
 c - a scroll of enchant weapon {unknown}
 f - a scroll of identify {unknown}
Potions
 a - a potion of attraction {unknown}
 e - a potion of invisibility {unknown}
 g - a potion of curing {unknown}

Dungeon Overview and Level Annotations

Branches:
Dungeon (2/15)

Altars:
Qazlal

Shops:
D:1 [

Annotations:
D:2 Terence


Message History

Terence is lightly wounded.
You shoot an arrow.
The arrow hits Terence but does no damage.
Terence is lightly wounded.
You shoot an arrow.
The arrow hits Terence but does no damage.
Terence is lightly wounded.
You shoot an arrow. The arrow hits Terence.
Terence is lightly wounded.
Terence hits you but does no damage.
You shoot an arrow.
The arrow hits Terence but does no damage.
Terence is lightly wounded.
Terence barely misses you.
You shoot an arrow. The arrow closely misses Terence.
Terence hits you with a +0 flail. Terence barely misses you.
You shoot an arrow. The arrow hits Terence.
Terence is moderately wounded.
Terence hits you with a +0 flail.
You shoot an arrow.
The arrow hits Terence but does no damage.
Terence is moderately wounded.
Terence hits you with a +0 flail.
You shoot an arrow.
The arrow hits Terence but does no damage.
Terence is moderately wounded.
Terence hits you with a +0 flail.
You shoot an arrow. The arrow hits Terence.
Terence is heavily wounded.
Terence shouts, "DIE!!!"
Terence hits you with a +0 flail.
853 ||| READING 2 scrolls of teleportation.
As you read the scroll of teleportation, it crumbles to dust.
You feel strangely unstable. Terence closely misses you.
You shoot an arrow. The arrow barely misses Terence.
Terence barely misses you. Terence closely misses you.
You shoot an arrow. The arrow closely misses Terence.
Terence hits you with a +0 flail.
You die...

#####
.....
......
###......
##.@......
##.@#
##..##
#..##
##.## #..#
##.##
##..#
#..##
#.######


You could see Terence.

Vanquished Creatures
  A worm (D:2)
  2 dart slugs (D:1)
  2 ball pythons (D:1)
  4 endoplasms
  3 giant cockroaches
  5 goblins
  4 hobgoblins (D:1)
  A jackal (D:2)
  6 kobolds
  2 quokkas (D:1)
  2 bats (D:1)
  A frilled lizard (D:1)
  4 rats
37 creatures vanquished.

Notes
Turn   | Place    | Note
-------+----------+-------------------------------------------
     0 | D:1      | qw the Deep Elf Hunter began the quest for the Orb.
     0 | D:1      | Reached XP level 1. HP: 12/12 MP: 3/3
     0 | D:1      | 0 ||| qw: Version: 0.3-a-9-g12657ce
     0 | D:1      | 0 ||| qw: Game counter: 4549
     0 | D:1      | 0 ||| qw: Always use a shield: true
     0 | D:1      | 0 ||| qw: God list: Okawaru
     0 | D:1      | 0 ||| qw: Allow faded altars: false
     0 | D:1      | 0 ||| qw: Do Orc after D:15 true
     0 | D:1      | 0 ||| qw: Do second Lair branch before Depths: true
     0 | D:1      | 0 ||| qw: Lair rune preference: random
     0 | D:1      | 0 ||| qw: Plans: Normal
     0 | D:1      | 0 ||| PLANNING D:1-11
    24 | D:1      | HP: 2/12 [quokka (2)]
    90 | D:1      | Reached XP level 2. HP: 16/16 MP: 4/4
   100 | D:1      | Reached skill level 6 in Ranged Weapons
   101 | D:1      | Found Tecuotudgh's Antique Armour Shop.
   184 | D:1      | 184 ||| SHOPLISTING glowing leather armour (130 gold, have
                  | 0).
   184 | D:1      | 184 ||| SHOPLISTING pair of gloves (117 gold, have 0).
   184 | D:1      | 184 ||| SHOPLISTING ring mail (104 gold, have 0).
   184 | D:1      | 184 ||| SHOPLISTING runed cloak (195 gold, have 0).
   184 | D:1      | 184 ||| SHOPLISTING shiny ring mail (182 gold, have 0).
   212 | D:1      | 212 ||| FLEEEEING.
   336 | D:1      | Reached XP level 3. HP: 20/20 MP: 5/5
   573 | D:1      | 573 ||| UPGRADING to +0 ring mail.
   583 | D:1      | 583 ||| DROPPING +0 leather armour.
   584 | D:1      | 584 ||| UPGRADING to +6 ring of strength.
   585 | D:1      | 585 ||| DROPPING +6 ring of intelligence.
   586 | D:1      | 586 ||| READING scroll labelled HAQOSS CIANON.
   590 | D:1      | 590 ||| READING scroll labelled CUAN QOMEI.
   591 | D:1      | 591 ||| DROPPING scroll of butterflies.
   613 | D:2      | Found a stormy altar of Qazlal.
   717 | D:2      | Reached skill level 7 in Ranged Weapons
   839 | D:2      | Noticed Terence
   852 | D:2      | HP: 4/20 [Terence/+0 flail (3)]
   853 | D:2      | 853 ||| READING 2 scrolls of teleportation.
   855 | D:2      | Slain by Terence

Levels and vault maps discovered:
D:1:      dpeg_arrival_water_temple_mockup, layout_rooms, serial_shops,
          nicolae_shop_tiny_glass, chequers_serial_rivers_micro_d,
          solitary_fountain, minmay_tetromino_t2
D:2:      layout_rooms, basic_altar, lightli_corner_chamber, uniq_terence

Skill      XL: |  1  2  3 |
---------------+----------+-----
Ranged Weapons | 6 7 |  7.1
Fighting       | |  1.5
Dodging        | |  2.4
Stealth        | |  1.2

Action                     || total
---------------------------++-------
   Fire: Shortbow          ||   119
    Use: Scroll            ||     3
 Armour: Leather armour    ||     7
         Ring mail         ||     1
  Dodge: Dodged            ||    28

Table legend:
 A = Non-vault XP
 B = Vault XP
 C = Vault XP percentage of total XP
 D = Non-vault monster count
 E = Vault monster count
 F = Vault count percentage of total count
                 A         B        C        D         E       F
            +---------+---------+-------+---------+---------+-------
      Total |      68 |       3 |   4.2 |      35 |       2 |   5.4
            +---------+---------+-------+---------+---------+-------
        D:1 |      51 |       3 |   5.6 |      27 |       2 |   6.9
        D:2 |      17 |       0 |   0.0 |       8 |       0 |   0.0
            +---------+---------+-------+---------+---------+-------
